 Dungeon Crawl Stone Soup version 0.28.0 (webtiles) character file.

Game seed: 15984580557255271585

293 Morbidden the Slasher (level 6, 20/48 HPs)
             Began as a Demonspawn Fighter on Feb 7, 2022.
             Quit the game on level 3 of the Dungeon.
             The game lasted 00:05:03 (2933 turns).

Morbidden the Slasher (Demonspawn Fighter)          Turns: 2933, Time: 00:05:03

Health: 20/48      AC: 14    Str: 18    XL:     6   Next: 11%
Magic:  6/6        EV:  7    Int:  9    God:
Gold:   133        SH:  4    Dex: 13    Spells: 5/5 levels left

rFire   . . .      SeeInvis .   a - +0 long sword
rCold   . . .      Faith    .   c - +0 buckler
rNeg    . . .      Spirit   .   f - +0 chain mail
rPois   .          Reflect  .   l - +0 helmet
rElec   .          Harm     .   (no cloak)
rCorr   .          Rampage  .   e - +0 pair of gloves
Will    .....                   (no boots)
Stlth   ..........              (no amulet)
HPRegen 0.16/turn               (no ring)
MPRegen 0.10/turn               (no ring)

@: mighty, studying Armour
A: claws 1, thin metallic scales 2, ignite blood 1
a: no special abilities


You were on level 3 of the Dungeon.
You visited 1 branch of the dungeon, and saw 3 of its levels.

You collected 133 gold pieces.

Inventory:

Hand Weapons
 a - a +0 long sword (weapon)
Armour
 c - a +0 buckler (worn)
 e - a +0 pair of gloves (worn)
 f - a +0 chain mail (worn)
 l - a +0 helmet (worn)
Scrolls
 b - 2 scrolls of enchant armour {unknown}
 h - a scroll of blinking {unknown}
 j - a scroll of teleportation {unknown}
 k - 2 scrolls of identify {unknown}
 m - a scroll of amnesia {unknown}
 n - a scroll of fear {unknown}
Potions
 g - 3 potions of curing


   Skills:
 * Level 3.8 Fighting
 * Level 4.2 Long Blades
 * Level 4.0 Armour
 * Level 1.3 Dodging
 + Level 3.1 Shields


You had 5 spell levels left.
You didn't know any spells.
Your spell library contained the following spells:

 Spells                   Type           Power      Damage    Failure   Level
 Magic Dart               Conj           0%         1d3       100%        1
 Call Imp                 Summ           0%         N/A       100%        2
 Sublimation of Blood     Necr           0%         N/A       100%        2
 Wereblood                Tmut           0%         N/A       100%        2
 Gell's Gravitas          Tloc           0%         N/A       100%        3
 Lesser Beckoning         Tloc           0%         N/A       100%        3
 Mephitic Cloud           Conj/Pois/Air  0%         N/A       100%        3
 Teleport Other           Tloc           0%         N/A       100%        3
 Summon Hydra             Summ           0%         N/A       100%        7


Dungeon Overview and Level Annotations

Branches:
Dungeon (3/15)

Altars:


Innate Abilities, Weirdness & Mutations

You have sharp fingernails.
You are mostly covered in thin metallic scales. (AC +3)
Your demonic aura sometimes causes spilled blood to erupt in flames.


Message History

You kill the orc!
The hobgoblin hits you but does no damage.
The orc priest looks braver for a moment.
The hobgoblin closely misses you.
Unknown command.
The hobgoblin hits you but does no damage.
Items here: )) [[ †.
You slash the hobgoblin!
You kill the hobgoblin!
Unknown command.
The orc hits you but does no damage. The orc closely misses you.
There is an open door, spattered with blood here.
You see here a hobgoblin corpse.
You slash the orc!
You kill the orc!
You block the orc's attack.
Unknown command.
You block the orc's attack.
The orc priest hits you but does no damage.
You see here a +0 short sword.
Unknown command.
You slash the orc priest!
The orc priest is severely wounded.
The orc hits you but does no damage.
The orc priest mumbles some strange prayers to Beogh against you.
Pain shoots through your body! The orc hits you but does no damage.
You slash the orc priest!
You kill the orc priest!
The orc barely misses you. The orc completely misses you.
Your Armour skill increases to level 4!
You have reached level 6!
Your demonic ancestry asserts itself...
Your fingernails lengthen.
Unknown command.
You closely miss the orc. The orc hits you but does no damage. x2
Unknown command.
You completely miss the orc. The orc hits you but does no damage. x2
Unknown command.
Unknown command.
Are you sure you want to abandon this character and quit the game? (Confirm with "yes".)

......#.####......#
.....##.
o.....''####......#
.[... ##
............o.....#
#.(...........#
#.............#
#.......S.....#
#........###)##
#....)...# #o##
##.....### #@o#
#......#
####†######
#......#
#..).)....#
#....###
#.......).# #....
#.........# .....
#####..#### #.# .#
..


You could see 2 orcs.

Vanquished Creatures
  3 orc priests (D:3)
  2 orc wizards (D:3)
  4 gnolls (D:2)
  5 adders
  2 worms (D:2)
  A dart slug (D:2)
  3 orcs (D:3)
  3 ball pythons
  2 endoplasms
  A giant cockroach (D:1)
  5 goblins
  7 hobgoblins
  11 jackals
  3 quokkas
  6 bats
  3 frilled lizards (D:2)
  5 kobolds (D:2)
  3 rats
69 creatures vanquished.

Notes
Turn   | Place    | Note
-------+----------+-------------------------------------------
     0 | D:1      | Morbidden the Demonspawn Fighter began the quest for the
                  | Orb.
     0 | D:1      | Reached XP level 1. HP: 18/18 MP: 1/1
   279 | D:1      | Gained mutation: You are partially covered in thin metallic
                  | scales. (AC +2) [demonic ancestry]
   279 | D:1      | Reached XP level 2. HP: 17/24 MP: 2/2
  1169 | D:2      | Gained mutation: Your demonic aura sometimes causes spilled
                  | blood to erupt in flames. [demonic ancestry]
  1169 | D:2      | Reached XP level 3. HP: 17/29 MP: 3/3
  1718 | D:2      | Reached XP level 4. HP: 33/35 MP: 4/4
  1733 | D:2      | Found a faded altar of an unknown god.
  2629 | D:3      | Reached skill level 1 in Dodging
  2629 | D:3      | Gained mutation: You are mostly covered in thin metallic
                  | scales. (AC +3) [demonic ancestry]
  2629 | D:3      | Reached XP level 5. HP: 41/41 MP: 5/5
  2931 | D:3      | Gained mutation: You have sharp fingernails. [demonic
                  | ancestry]
  2931 | D:3      | Reached XP level 6. HP: 20/48 MP: 6/6
  2933 | D:3      | Quit the game

Illustrated notes

Levels and vault maps discovered:
D:1:      amcnicky_arrival_single_pillar, layout_loops_corners
D:2:      layout_loops_ring, hellmonk_ecumenical_altar_zigzags,
          minmay_quadrilaterals
D:3:      layout_basic, serial_shops, shop

Skill      XL: |  1  2  3  4  5 |
---------------+----------------+-----
Long Blades    | 2 3 4 |  4.2
Armour         | 3 4 |  4.0
Shields        | 3 |  3.1
Dodging        | 1 |  1.3
Fighting       | |  3.8

Action                   |  1- 3 |  4- 6 || total
-------------------------+-------+-------++-------
Melee: Long sword        |   120 |   118 ||   238
  Use: Potion            |       |     3 ||     3
Armor: Chain mail        |    99 |   128 ||   227
Dodge: Dodged            |    39 |    56 ||    95
Block: Buckler           |    31 |    31 ||    62
